 Dungeon Crawl Stone Soup version 0.23.2-1-ga50397a6bc (webtiles) character file.

Game seed: 8675101949421050610

1299 Mrkan the Grappler (level 8, -9/74 HPs)
             Began as a Troll Monk on May 22, 2019.
             Was a Believer of Dithmenos.
             Mangled by a gnoll
             ... wielding a +2 flail of distortion
              (13 damage)
             ... on level 5 of the Dungeon.
             The game lasted 00:10:50 (3133 turns).

Mrkan the Grappler (Troll Monk)                     Turns: 3133, Time: 00:10:51

Health: -9/74      AC:  6    Str: 20    XL:     8   Next: 31%
Magic:  10/10      EV: 10    Int:  6    God:    Dithmenos [**....]
Gold:   192        SH:  0    Dex: 14    Spells: 7/7 levels left

rFire    . . .     SeeInvis .     - Unarmed
rCold    . . .     Gourm    +   (no shield)
rNeg     . . .     Faith    .   a - +0 robe
rPois    .         Spirit   .   (helmet restricted)
rElec    .         Reflect  .   (no cloak)
rCorr    .         Harm     .   (gloves unavailable)
MR       .....                  (boots unavailable)
Stlth    ++........             (no amulet)
HPRegen  0.62/turn              (no ring)
MPRegen  0.12/turn              (no ring)

@: wreathed by umbra
A: large, unfitting armour, claws 3, fast metabolism 3, gourmand, regeneration
1, shaggy fur 1, tough skin 3
a: Shadow Step, Renounce Religion


You were on level 5 of the Dungeon.
You worshipped Dithmenos.
Dithmenos was pleased with you.
You were completely stuffed.

You visited 1 branch of the dungeon, and saw 5 of its levels.

You collected 192 gold pieces.

Inventory:

Hand Weapons
 n - a +2 trident of flaming
 v - a +1 whip of electrocution
Armour
 a - a +0 robe (worn)
Jewellery
 d - a cursed -2 ring of protection {unknown}
 r - an uncursed ring of magical power {unknown}
 t - a +3 amulet of reflection {unknown}
Wands
 o - a wand of flame (2)
Scrolls
 c - 8 scrolls of teleportation {unknown}
 e - 2 scrolls of fear {unknown}
 f - 2 scrolls of identify {unknown}
 g - 3 scrolls of remove curse {unknown}
 j - a scroll of amnesia {unknown}
 q - a scroll of random uselessness {unknown}
 s - a scroll of blinking {unknown}
 u - 3 scrolls of fog {unknown}
Potions
 h - a potion of curing {unknown}
 i - 2 potions of flight {unknown}
 k - 2 potions of might {unknown}
 l - a potion of lignification {unknown}
 m - a potion of degeneration {unknown}
 p - a potion of ambrosia {unknown}
Comestibles
 b - 11 rations
 w - 3 chunks of flesh


   Skills:
 - Level 2.4 Fighting
 - Level 2.4 Dodging
 - Level 1.0 Stealth
 + Level 9.4 Unarmed Combat
 + Level 4.1 Invocations


You had 7 spell levels left.
You didn't know any spells.
Your spell library was empty.

Dungeon Overview and Level Annotations

Branches:
Dungeon (5/15)
 Temple: D:4-7

Altars:
Dithmenos
Xom
Zin


Innate Abilities, Weirdness & Mutations

You are too large for most types of armour.
You have claws for hands.
Your metabolism is lightning-fast.
You like to eat raw meat.
Your natural rate of healing is unusually fast.
You are covered in fur. (AC +1)
You have extremely tough skin. (AC +3)


Message History

Dithmenos accepts your kill. The gnoll barely misses you.
You scratch the gnoll.
The gnoll is heavily wounded.
The gnoll hits you.
The gnoll hits you with a +2 flail of distortion!
Space warps horribly around you!
* * * LOW HITPOINT WARNING * * *
The gnoll hits you with a +0 spear.
* * * LOW HITPOINT WARNING * * *
The gnoll hits you!
* * * LOW HITPOINT WARNING * * *
Things that are here:
a +0 giant club; 10 stones; an ogre corpse
Okay, then.
The gnoll hits you but does no damage.
The gnoll hits you with a +2 flail of distortion.
* * * LOW HITPOINT WARNING * * *
Space warps horribly around you!
You die...

#........#..
####.........
.#### ##.........
.....##.....####.
#............
.....#......#.##
.### #..##..#.#
#..#...# #
#..#.#@#.#
#....g.#(##
##..gg....#
##.)#........
#..#.##.###.
#....# .#
......#### #
####... #.##


You could see 3 gnolls.

Vanquished Creatures
  Grinder (D:3)
  Sigmund (D:2)
  Eustachio (D:4)
  2 ogres
  A centaur (D:4)
  A bullfrog (D:4)
  A hound (D:4)
  An orc wizard (D:4)
  A gnoll shaman (D:4)
  Ijyb (D:3)
  An iguana (D:4)
  Terence (D:3)
  3 worker ants (D:4)
  A killer bee zombie (D:4)
  6 gnolls
  6 adders
  An ooze (D:2)
  An adder skeleton (D:4)
  5 worms
  4 dart slugs
  5 leopard geckos
  8 orcs
  A giant cockroach (D:3)
  9 hobgoblins
  8 jackals
  3 quokkas
  3 ball pythons
  8 bats
  6 frilled lizards
  13 goblins
  10 kobolds
  2 rats
116 creatures vanquished.

Notes
Turn   | Place    | Note
-------+----------+-------------------------------------------
     0 | D:1      | Mrkan the Troll Monk began the quest for the Orb.
     0 | D:1      | Reached XP level 1. HP: 22/22 MP: 0/0
   114 | D:1      | Reached XP level 2. HP: 29/29 MP: 1/1
   366 | D:1      | Reached skill level 4 in Unarmed Combat
   698 | D:2      | Reached XP level 3. HP: 36/36 MP: 2/2
   820 | D:2      | Noticed Sigmund
   842 | D:2      | Killed Sigmund
   842 | D:2      | Reached skill level 6 in Unarmed Combat
   842 | D:2      | Reached XP level 4. HP: 42/44 MP: 3/3
   842 | D:2      | Reached XP level 5. HP: 48/50 MP: 4/4
  1220 | D:2      | Found a glowing silver altar of Zin.
  1468 | D:3      | Reached XP level 6. HP: 59/59 MP: 5/5
  1550 | D:3      | Noticed Terence
  1558 | D:3      | Killed Terence
  1558 | D:3      | Reached skill level 7 in Unarmed Combat
  1624 | D:3      | Noticed Ijyb
  1630 | D:3      | Killed Ijyb
  1677 | D:3      | Noticed Grinder
  1715 | D:3      | Killed Grinder
  1715 | D:3      | Reached skill level 8 in Unarmed Combat
  1715 | D:3      | Reached XP level 7. HP: 38/66 MP: 6/6
  1903 | D:3      | Found a shadowy altar of Dithmenos.
  2208 | D:3      | Became a worshipper of Dithmenos the Shadowed
  2208 | D:3      | Reached * piety under Dithmenos
  2208 | D:3      | Reached ** piety under Dithmenos
  2337 | D:4      | Found a shimmering altar of Xom.
  2381 | D:4      | Reached skill level 1 in Invocations
  2809 | D:4      | Noticed Eustachio
  2837 | D:4      | Killed Eustachio
  2837 | D:4      | Reached skill level 9 in Unarmed Combat
  2837 | D:4      | Reached XP level 8. HP: 71/74 MP: 9/9
  3035 | D:5      | Entered Level 5 of the Dungeon
  3133 | D:5      | Mangled by a gnoll

Skill      XL: |  1  2  3  4  5  6  7  8 |
---------------+-------------------------+-----
Unarmed Combat | 4 6 8 9 |  9.4
Invocations    | 3 4 |  4.1
Fighting       | |  2.4
Dodging        | |  2.4
Stealth        | |  1.0

Action                   |  1- 3 |  4- 6 |  7- 9 || total
-------------------------+-------+-------+-------++-------
Melee: Unarmed           |    77 |    99 |   136 ||   312
       Punch             |     2 |     2 |     4 ||     8
 Stab: Sleeping          |     3 |     1 |     8 ||    12
  Eat: Chunk             |    13 |     8 |    13 ||    34
Armor: Robe              |    30 |    35 |    38 ||   103
Dodge: Dodged            |    53 |    53 |    69 ||   175
